[Event "Late-Titled-Tuesday-Blitz-September-12-2023"]
[Site "Chess.com"]
[Date "2023.09.12"]
[Round "2"]
[White "Schwindle"]
[Black "Kosak12"]
[Result "0-1"]
[WhiteElo "2443"]
[BlackElo "2795"]
[TimeControl "180+1"]
[EndTime "14:15:24 PDT"]
[Termination "Kosak12 won by checkmate"]

1. e4 c6 2. Nf3 d5 3. Nc3 Bg4 4.
h3 Bxf3 5. Qxf3 e6 6. d3 Nd7 7.
g3 Bb4 8. a3 Ba5 9. exd5 cxd5 10.
Bd2 Ne7 11. Bg2 O-O 12. O-O Nf5 13. b4 Bb6 14. Na4 Bc7 15. c4 Ne5 16. Qd1 dxc4 17.
Bxb7 Rb8 18. Bg2 cxd3 19. Rc1 Nd4 20. Kh2 Ne2 21. Rc5 Bd6 22. Ra5 h5 23. Nc5 h4 24.
Nxd3 hxg3+ 25. fxg3 Ng4+ 26. hxg4 Qh4+ 27. Bh3 Qxg3+ 28.
Kh1 Qxh3# 0-1

[Event "Late-Titled-Tuesday-Blitz-September-12-2023"]
[Site "Chess.com"]
[Date "2023.09.12"]
[Round "2"]
[White "Verony64"]
[Black "Alex_Banzea"]
[Result "0-1"]
[WhiteElo "2267"]
[BlackElo "2642"]
[TimeControl "180+1"]
[EndTime "14:15:24 PDT"]
[Termination "Alex_Banzea won by resignation"]

1. e4 c6 2. Nc3 d5 3. d3 g6 4. e5 c5 5. f4 Nc6 6. Nf3 Bg4 7. h3 Bxf3 8. Qxf3 e6 9. Ne2 h5 10. g3 Nge7 11. c3 Nf5 12. Bg2 Be7 13.
O-O g5 14. d4 g4 15. hxg4 hxg4 16. Qxg4 Qb6 17. Rd1 cxd4 18. cxd4 Ncxd4 19. Nxd4 Bc5 20. Kf1 Bxd4 21. Bd2 Qb5+ 22. Ke1 Rh2 23. a4 Qb6 24. Bxd5 Bf2+ 25. Kf1 Nxg3+ 0-1

[Event "Late-Titled-Tuesday-Blitz-September-12-2023"]
[Site "Chess.com"]
[Date "2023.09.12"]
[Round "2"]
[White "LevonAronian"]
[Black "Alphafischer2019"]
[Result "1-0"]
[WhiteElo "3066"]
[BlackElo "2563"]
[TimeControl "180+1"]
[EndTime "14:15:28 PDT"]
[Termination "LevonAronian won by resignation"]

1. e4 e5 2. Nf3 Nf6 3. Nxe5 d6 4. Nf3 Nxe4 5. Bd3 Nc5 6. Be2 d5 7. d4 Ne4 8. O-O Bd6 9. c4 c6 10. Nc3 Nxc3 11. bxc3 O-O 12. c5 Bc7 13. Bg5 f6 14. Be3 Bf5 15. Qb3 b6 16. c4 Be6 17. Rfe1 Nd7 18.
cxd5 Bxd5 19. Bc4 Bf7 20. Bxf7+ Rxf7 21. Rad1 Rb8 22. Qe6 Nf8 23. Qxc6 Rc8 24. Qa4 bxc5 25. dxc5 Qe7 26. c6 Ne6 27. Bxa7 Ra8 28. Qb3 Rxa7 29. Rxe6 Qf8 30. g3 h6 31. Nd4 Ra8 32. Nf5 Kh7 33.
Rd7 Rb8 34. Qc2 Kg8 35. Ree7 Rxe7 36. Nxe7+ 1-0

[Event "Late-Titled-Tuesday-Blitz-September-12-2023"]
[Site "Chess.com"]
[Date "2023.09.12"]
[Round "2"]
[White "oskariot"]
[Black "ashookk"]
[Result "1-0"]
[WhiteElo "2687"]
[BlackElo "2357"]
[TimeControl "180+1"]
[EndTime "14:15:31 PDT"]
[Termination "oskariot won by resignation"]

1. e4 e6 2. d4 d5 3. Nd2 Be7 4.
Bd3 c5 5. dxc5 Nf6 6. Qe2 Nc6 7. Ngf3 Nd7 8. exd5 exd5 9. Nb3 O-O 10. Be3 Re8 11.
O-O-O Nxc5 12. Nxc5 Bxc5 13. Bxh7+ Kxh7 14. Qd3+ Kg8 15. Bxc5 Be6 16. h4 Qf6 17. Ng5 g6 18. Bd4 Qf4+ 19. Qe3 Nxd4 20. Rxd4 Qxe3+ 21. fxe3 Bf5 22. Re1 Rac8 23. c3 Rc5 24. g4 Be4 25. Nxe4 dxe4 26. Rf1 Rc7 27. Rf4 Rce7 28. g5 Kg7 29. c4 b6 30. Kc2 Re5 31. Kc3 a5 32. Rd7 R8e7 33.
Rxe7 Rxe7 34. b3 Kf8 35. Rf6 1-0

[Event "Late-Titled-Tuesday-Blitz-September-12-2023"]
[Site "Chess.com"]
[Date "2023.09.12"]
[Round "2"]
[White "Siemba"]
[Black "ferrufino64"]
[Result "1-0"]
[WhiteElo "2510"]
[BlackElo "2273"]
[TimeControl "180+1"]
[EndTime "14:15:31 PDT"]
[Termination "Siemba won by resignation"]

1. Nf3 Nf6 2. g3 c5 3. Bg2 d6 4. O-O Nc6 5. d4 cxd4 6. Nxd4 Bd7 7. c4 g6 8. Nc3 Bg7 9. Nc2 O-O 10. Bd2 Rc8 11. b3 Re8 12. Rc1 Bf5 13. Ne3 Bd7 14. Ned5 e6 15. Nxf6+ Bxf6 16. Bf4 e5 17. Be3 Be7 18.
Nd5 Be6 19. Qd2 Bxd5 20. cxd5 Nb8 21. Bxa7 Nd7 22. Be3 f5 23. Rxc8 Qxc8 24. Rc1 Qa8 25. Qc2 e4 26. Bd4 Bf6 27. Bxf6 Nxf6 28. Qc3 Rf8 29. a4 b6 30. Qc6 Qd8 31. e3 Ng4 32.
b4 Ne5 33. Qc7 Qf6 34. Qxb6 Nd3 35. Rf1 Qe5 36. b5 Qxd5 37. a5 Qc5 38. Qxc5 dxc5 39. Ra1 c4 40. a6 c3 41. a7 c2 42. b6 Nc5 43. f3 Nb3 44. a8=Q c1=Q+ 45. Rxc1 Rxa8 46.
b7 Rf8 47. Rc8 1-0

[Event "Late-Titled-Tuesday-Blitz-September-12-2023"]
[Site "Chess.com"]
[Date "2023.09.12"]
[Round "2"]
[White "subham777"]
[Black "dropstoneDP"]
[Result "0-1"]
[WhiteElo "2543"]
[BlackElo "3019"]
[TimeControl "180+1"]
[EndTime "14:15:38 PDT"]
[Termination "dropstoneDP won by resignation"]

1. e4 e5 2. Nf3 Nf6 3. Nxe5 d6 4. Nf3 Nxe4 5. Nc3 Nxc3 6. dxc3 Be7 7. Be3 O-O 8. Qd2 Nd7 9. O-O-O Nf6 10. Bd3 c5 11. h3 Be6 12. c4 b5 13. cxb5 c4 14. Be2 Ne4 15. Qd4 d5 16. Bxc4 Bf6 17. Qd3 dxc4 18.
Qxe4 Qa5 19. Nd4 c3 20. a3 cxb2+ 21. Kxb2 Qxb5+ 22. Kc1 Qa4 23. Qd3 Rab8 24. Kd2 Rfd8 25. Ke1 Bc4 26. Qe4 Bxd4 27. Rxd4 Qa5+ 28. c3 Qxc3+ 29.
Rd2 Qc1+ 0-1

[Event "Late-Titled-Tuesday-Blitz-September-12-2023"]
[Site "Chess.com"]
[Date "2023.09.12"]
[Round "2"]
[White "Truequitos"]
[Black "sofaceindisguise"]
[Result "0-1"]
[WhiteElo "2436"]
[BlackElo "2790"]
[TimeControl "180+1"]
[EndTime "14:15:42 PDT"]
[Termination "sofaceindisguise won on time"]

1. e4 c5 2. Nc3 e6 3. g3 d5 4. Bg2 d4 5. Nce2 d3 6. cxd3 Qxd3 7. Nh3 Nc6 8. Nhf4 Qa6 9. O-O Nf6 10. d4 cxd4 11.
Nxd4 Bd7 12. Re1 Bb4 13. Bf1 Qb6 14. Be3 Bxe1 15. Nb5 Qa5 16. Nd6+ Kf8 17. Nxb7 Qc7 18. Bc5+ Kg8 19. Qxe1 Qxb7 20. e5 Nd5 21. Nh5 Rc8 22. Qd2 h6 23. Rc1 Nxe5 0-1

[Event "Late-Titled-Tuesday-Blitz-September-12-2023"]
[Site "Chess.com"]
[Date "2023.09.12"]
[Round "2"]
[White "RIPOL"]
[Black "talaicito"]
[Result "1/2-1/2"]
[WhiteElo "2455"]
[BlackElo "2201"]
[TimeControl "180+1"]
[EndTime "14:15:42 PDT"]
[Termination "Game drawn by repetition"]

1. d4 e6 2. c4 f5 3. Nf3 Nf6 4. g3 Be7 5. Bg2 O-O 6. O-O d6 7. b4 a5 8. b5 Nbd7 9. a4 Nb6 10.
Qb3 Ne4 11. Nc3 Bf6 12. e3 Nxc3 13. Qxc3 Nd7 14. Qb3 Nc5 15. Qc2 Ne4 16. Nd2 Nxd2 17. Bxd2 e5 18. Bc3 e4 19. f3 Be6 20. d5 Bxc3 21.
Qxc3 exf3 22. Bxf3 Bd7 23. e4 Qf6 24. Qxf6 Rxf6 25.
Rae1 fxe4 26. Rxe4 Bh3 27. Bg2 Bxg2 28. Kxg2 Rxf1 29.
Kxf1 Rf8+ 30. Ke2 b6 31. Re7 Rf7 32. Re8+ Rf8 33. Re7 Rf7 34. Re8+ Rf8 35. Re7 1/2-1/2

[Event "Late-Titled-Tuesday-Blitz-September-12-2023"]
[Site "Chess.com"]
[Date "2023.09.12"]
[Round "2"]
[White "MBA_CHESS_2021"]
[Black "schack_vit"]
[Result "1/2-1/2"]
[WhiteElo "2226"]
[BlackElo "2468"]
[TimeControl "180+1"]
[EndTime "14:15:43 PDT"]
[Termination "Game drawn by repetition"]

1. d4 d5 2. c4 c6 3. Nc3 e6 4. Nf3 Nf6 5. e3 Nbd7 6. Be2 dxc4 7. Bxc4 b5 8. Bd3 Bb7 9. O-O a6 10. a3 c5 11. dxc5 Nxc5 12. Bc2 Qc7 13. b4 Ncd7 14. Bb2 Bd6 15. h3 O-O 16. Rc1 Rac8 17. Nxb5 axb5 18. Bxh7+ Kxh7 19. Rxc7 Bxc7 20. Qd3+ Be4 21. Qxb5 Bd6 22. Ng5+ Kg8 23. Nxe4 Nxe4 24. Qxd7 Rc2 25. Bd4 Bb8 26. f3 Ng3 27. Bc5 Ne2+ 28. Kh1 Ng3+ 29. Kg1 Ne2+ 30. Kh1 Ng3+ 31. Kg1 1/2-1/2

[Event "Late-Titled-Tuesday-Blitz-September-12-2023"]
[Site "Chess.com"]
[Date "2023.09.12"]
[Round "2"]
[White "HajiyevKanan"]
[Black "Boninknights"]
[Result "1-0"]
[WhiteElo "2517"]
[BlackElo "2298"]
[TimeControl "180+1"]
[EndTime "14:15:46 PDT"]
[Termination "HajiyevKanan won by resignation"]

1. d4 Nf6 2. Nf3 d6 3. c4 g6 4.
g3 Bg7 5. Bg2 O-O 6. O-O c6 7.
b3 a5 8. Nc3 Nbd7 9. Bb2 e5 10.
Qc2 Re8 11. e4 exd4 12. Nxd4 Nc5 13. Rad1 Qb6 14. Kh1 Ng4 15. h3 Ne5 16. f4 Ned3 17.
Rxd3 Nxd3 18. Na4 Nb4 19. Nxb6 Nxc2 20. Nxc2 Bxb2 21. Nxa8 f5 22. Nb6 fxe4 23. Nxc8 Rxc8 24. Bxe4 Bf6 25. Re1 Re8 26. Bd5+ Kf8 27. Rxe8+ Kxe8 28. Be4 Ke7 29. Kg2 Ke6 30. Kf3 d5 31. cxd5+ cxd5 32. Bd3 Kd6 33. g4 Kc5 34. g5 Bg7 35. h4 b5 36. h5 gxh5 37. Bxh7 a4 38. Bd3 axb3 39.
axb3 1-0

[Event "Late-Titled-Tuesday-Blitz-September-12-2023"]
[Site "Chess.com"]
[Date "2023.09.12"]
[Round "2"]
[White "egnfanclub"]
[Black "Rutricks"]
[Result "0-1"]
[WhiteElo "2317"]
[BlackElo "2688"]
[TimeControl "180+1"]
[EndTime "14:15:47 PDT"]
[Termination "Rutricks won by resignation"]

1. e4 g6 2. Nc3 Bg7 3. f4 c6 4. Nf3 d5 5. e5 f6 6. d4 Nh6 7.
Bd3 Bg4 8. h3 Bxf3 9. Qxf3 O-O 10. exf6 Bxf6 11. Be3 Qb6 12. O-O-O Bxd4 13. Bxd4 Qxd4 14.
g3 Qf6 15. Nxd5 cxd5 16. Qxd5+ Nf7 17. Qxb7 Nc6 18. Be4 Rfc8 19. c3 Rab8 20. Qa6 Nb4 21.
Qxf6 exf6 22. Kb1 Na6 23. Rd7 Nc5 24. Re7 Kf8 0-1

[Event "Late-Titled-Tuesday-Blitz-September-12-2023"]
[Site "Chess.com"]
[Date "2023.09.12"]
[Round "2"]
[White "kaponerde"]
[Black "Malev212"]
[Result "0-1"]
[WhiteElo "2237"]
[BlackElo "2627"]
[TimeControl "180+1"]
[EndTime "14:15:47 PDT"]
[Termination "Malev212 won by resignation"]

1. e4 d6 2. d4 g6 3. Nc3 Bg7 4. f4 c6 5. Nf3 d5 6. exd5 cxd5 7. Bb5+ Nc6 8. O-O Bg4 9. Be3 e6 10. h3 Bxf3 11. Qxf3 Ne7 12. Ne2 O-O 13. g4 Rc8 14. c3 Na5 15. b3 f5 16. Bd3 a6 17. Rac1 b5 18. Bf2 Nb7 19. Bh4 Nd6 20. Ng3 Qd7 21. gxf5 Nexf5 22. Nxf5 Nxf5 23. Bxf5 exf5 24. Rfe1 b4 25.
Bf2 bxc3 26. Rxc3 Rce8 27. Rxe8 Rxe8 28. Rc5 Re4 29. Qc3 Rxf4 30. Rc8+ Bf8 31. Bg3 Re4 32. Qc5 Re8 33. Rxe8 Qxe8 34. Qxd5+ Qf7 35. Qa8 f4 36. Bf2 Qe6 37. d5 Qxh3 38. d6 Qg4+ 39. Kh2 Qh5+ 40. Kg1 Qd1+ 41. Kh2 Qxd6 42. Qxa6 Qxa6 0-1

[Event "Late-Titled-Tuesday-Blitz-September-12-2023"]
[Site "Chess.com"]
[Date "2023.09.12"]
[Round "2"]
[White "nitpicker"]
[Black "DryCounty"]
[Result "0-1"]
[WhiteElo "2263"]
[BlackElo "2638"]
[TimeControl "180+1"]
[EndTime "14:15:49 PDT"]
[Termination "DryCounty won by resignation"]

1. d4 Nf6 2. c4 g6 3. Nc3 Bg7 4.
e4 d6 5. Be2 O-O 6. Nf3 e5 7.
O-O Nbd7 8. d5 Nc5 9. Nd2 a5 10.
b3 Bh6 11. Rb1 Bxd2 12. Bxd2 Ncxe4 13. Nxe4 Nxe4 14. Be1 f5 15. f3 Nf6 16. f4 exf4 17.
Rxf4 Qe7 18. Rf3 Re8 19. Bf1 f4 20. Bc3 Bg4 21. Bd4 Bxf3 22. gxf3 Nd7 23. Bd3 Ne5 24.
Bc2 Qg5+ 25. Kh1 Qh5 26. Kg2 Nxf3 27. Ba1 Nh4+ 28. Kh1 Qxd1+ 29. Rxd1 Nf5 30. Rf1 Ne3 31. Rf2 Nxc2 0-1

[Event "Late-Titled-Tuesday-Blitz-September-12-2023"]
[Site "Chess.com"]
[Date "2023.09.12"]
[Round "2"]
[White "azikom"]
[Black "KorolDimitriy75"]
[Result "1-0"]
[WhiteElo "2647"]
[BlackElo "2378"]
[TimeControl "180+1"]
[EndTime "14:15:54 PDT"]
[Termination "azikom won on time"]

1. c4 c5 2. Nc3 g6 3. g3 Bg7 4.
Bg2 Nc6 5. a3 a6 6. Rb1 Rb8 7.
b4 cxb4 8. axb4 b5 9. c5 a5 10. bxa5 Qxa5 11. Bb2 b4 12. Na4 Bxb2 13. Rxb2 Nf6 14.
Nh3 O-O 15. O-O Ba6 16. d4 Rfc8 17. Nb6 Rxb6 18. cxb6 Qxb6 19. d5 Ne5 20. Nf4 Rb8 21. Qb3 Nc4 22. Ra2 d6 23. Rc1 Na5 24. Qa4 b3 25.
Rb2 1-0

[Event "Late-Titled-Tuesday-Blitz-September-12-2023"]
[Site "Chess.com"]
[Date "2023.09.12"]
[Round "2"]
[White "Eloist"]
[Black "NovakCabarkapa"]
[Result "1/2-1/2"]
[WhiteElo "2496"]
[BlackElo "2819"]
[TimeControl "180+1"]
[EndTime "14:15:57 PDT"]
[Termination "Game drawn by agreement"]

1. e4 g6 2. d4 Bg7 3. Nc3 c6 4. Nf3 d5 5. Bf4 dxe4 6. Nxe4 Nf6 7. Nxf6+ exf6 8. Bc4 O-O 9. O-O a5 10. a4 Na6 11. c3 Nc7 12. Qd2 Nd5 13. Bh6 Be6 14. Bxg7 Kxg7 15. Rfe1 Qd6 16. Bxd5 Bxd5 17. Re3 g5 18.
Ne1 Rae8 19. Nd3 Rxe3 20. Qxe3 h6 21. Re1 Be6 22. Nc5 Bf5 23. Qe7 Qxe7 24. Rxe7 b6 25. Nd7 Rd8 26. Nxb6 Rb8 27. Nc4 Bd3 28. Nxa5 Rxb2 29.
h3 Rc2 30. Nxc6 Rxc3 31. Nd8 Bc4 32. Rc7 Kf8 33. Nxf7 Ra3 34. Rxc4 Kxf7 35. d5 Ke7 36. Rc7+ Kd6 37. Rf7 Ke5 38. d6 Rxa4 39. d7 Rd4 40. g4 Ke6 41. Rh7 Rxd7 42. Rxh6 Ke5 43. Kg2 Ra7 44. h4 gxh4 45. Rxh4 Ra3 46. Rh5+ Kf4 47. Rf5+ Kxg4 48. Rxf6 Rb3 49. Rf8 Ra3 50. Rg8+ 1/2-1/2

[Event "Late-Titled-Tuesday-Blitz-September-12-2023"]
[Site "Chess.com"]
[Date "2023.09.12"]
[Round "2"]
[White "ljuks68"]
[Black "baki83"]
[Result "0-1"]
[WhiteElo "2446"]
[BlackElo "2813"]
[TimeControl "180+1"]
[EndTime "14:15:59 PDT"]
[Termination "baki83 won on time"]

1. e4 c5 2. Nf3 d6 3. d4 cxd4 4. Nxd4 Nf6 5. Nc3 Nc6 6. Bc4 Qb6 7. Nb3 a6 8. Bg5 e6 9. Bxf6 gxf6 10. Qh5 Be7 11.
Rf1 Qc7 12. O-O-O b5 13. Bd3 b4 14. Ne2 Bd7 15. f4 a5 16. Nbd4 a4 17. f5 Nxd4 18. Nxd4 Qc5 19. Be2 e5 20. Ne6 Qe3+ 21. Kb1 Rc8 22.
Ba6 Rc6 23. Bb5 b3 24. Bxc6 bxc2+ 25. Kxc2 Bxc6 26. Kb1 a3 27. bxa3 Bxe4+ 28. Kb2 Kd7 0-1

[Event "Late-Titled-Tuesday-Blitz-September-12-2023"]
[Site "Chess.com"]
[Date "2023.09.12"]
[Round "2"]
[White "YEIKO2017"]
[Black "BillieKimbah"]
[Result "0-1"]
[WhiteElo "2545"]
[BlackElo "3036"]
[TimeControl "180+1"]
[EndTime "14:16:01 PDT"]
[Termination "BillieKimbah won by resignation"]

1. e4 c5 2. Nf3 e6 3. Nc3 Nc6 4. Bb5 Nd4 5. O-O a6 6. Bd3 Nc6 7. Be2 Nd4 8. Bd3 Nc6 9. Be2 Nf6 10. d4 cxd4 11. Nxd4 d6 12. Be3 Be7 13. f4 O-O 14. Qe1 Qc7 15. Qg3 Nxd4 16. Bxd4 b5 17. a3 Bb7 18. Rae1 Bc6 19. Bf3 Ne8 20. f5 e5 21.
Be3 a5 22. Nd5 Bxd5 23. exd5 Qxc2 24. Bh6 Qxf5 25. Be4 Qh5 26. Bd2 f5 27. Bd3 f4 28.
Qf3 Qxf3 29. gxf3 Nc7 30. Rc1 Ra7 31. Bxa5 Nxd5 32. Bd2 Rb8 33. Rc6 Nf6 34. Rfc1 Kf7 35. Rc7 Rxc7 36. Rxc7 Ke6 37. Bb4 Nd5 0-1

[Event "Late-Titled-Tuesday-Blitz-September-12-2023"]
[Site "Chess.com"]
[Date "2023.09.12"]
[Round "2"]
[White "Good_Knight_Kiss"]
[Black "aNaartjieZA"]
[Result "0-1"]
[WhiteElo "2344"]
[BlackElo "2599"]
[TimeControl "180+1"]
[EndTime "14:16:01 PDT"]
[Termination "aNaartjieZA won on time"]

1. e4 e6 2. d4 d5 3. Nc3 Bb4 4. exd5 exd5 5. Bd3 Nf6 6. Bg5 h6 7. Bh4 Nc6 8. Ne2 O-O 9. O-O Be7 10. a3 Re8 11. h3 Nh5 12. Bxe7 Nxe7 13. Qd2 Bf5 14. Rae1 Qd7 15. Ng3 Bxd3 16. Qxd3 Nf4 17. Qf3 Neg6 18. Re3 c6 19. Rfe1 Ne6 20. Nf5 Qd8 21. Qg3 Qg5 22. Qxg5 hxg5 23. g3 Red8 24. Kg2 Ngf8 25. Ne2 g6 26. Nh6+ Kg7 27. Ng4 b6 28. Ne5 Rac8 29. b4 c5 30. bxc5 bxc5 31. c3 cxd4 32.
cxd4 Rc2 33. Rb1 Nd7 34. Rb7 Nxe5 0-1

[Event "Late-Titled-Tuesday-Blitz-September-12-2023"]
[Site "Chess.com"]
[Date "2023.09.12"]
[Round "2"]
[White "Casper"]
[Black "bascheyaro"]
[Result "0-1"]
[WhiteElo "2469"]
[BlackElo "2823"]
[TimeControl "180+1"]
[EndTime "14:16:02 PDT"]
[Termination "bascheyaro won on time"]

1. e4 e6 2. d4 d5 3. Bd3 c5 4.
exd5 exd5 5. dxc5 Bxc5 6. Nf3 Ne7 7. O-O O-O 8. Bg5 f6 9. Bf4 Nbc6 10. Nc3 a6 11. h3 Be6 12. Ne2 Qd7 13. c3 Rae8 14.
Qc2 Bf5 15. Ng3 Bxd3 16. Qxd3 Ng6 17. Bd2 Nce5 18. Nxe5 fxe5 19. Be3 e4 20. Qd2 Bxe3 21. fxe3 Ne5 22. Qd4 Qe6 23. Rad1 Nd3 24. Nh5 Rxf1+ 25. Rxf1 Qe5 26. Nf4 Qxd4 27. exd4 h6 28. Nxd5 e3 0-1

[Event "Late-Titled-Tuesday-Blitz-September-12-2023"]
[Site "Chess.com"]
[Date "2023.09.12"]
[Round "2"]
[White "BrandonJacobson"]
[Black "Bilan_Danila"]
[Result "1-0"]
[WhiteElo "3053"]
[BlackElo "2559"]
[TimeControl "180+1"]
[EndTime "14:16:04 PDT"]
[Termination "BrandonJacobson won by resignation"]

1. Nf3 d5 2. e3 Nf6 3. c4 c6 4.
Nc3 e6 5. b3 Nbd7 6. Bb2 Bd6 7.
Qc2 Qe7 8. Rg1 Ba3 9. g4 Bxb2 10. Qxb2 h6 11. h4 a5 12. g5 hxg5 13. hxg5 Nh5 14.
Rh1 Qf8 15. O-O-O Nc5 16. Be2 g6 17. d4 Na6 18. Ne5 Ng7 19. e4 dxc4 20. Nxc4 Rxh1 21. Rxh1 b5 22. Ne5 Bb7 23. Kb1 O-O-O 24. d5 b4 25.
dxc6 bxc3 26. Qxc3 Qb4 27. cxb7+ Kxb7 28. Qc6+ 1-0

[Event "Late-Titled-Tuesday-Blitz-September-12-2023"]
[Site "Chess.com"]
[Date "2023.09.12"]
[Round "2"]
[White "EnvigadoCity"]
[Black "Dr_crypt"]
[Result "0-1"]
[WhiteElo "1935"]
[BlackElo "2429"]
[TimeControl "180+1"]
[EndTime "14:16:04 PDT"]
[Termination "Dr_crypt won by checkmate"]

1. d4 d5 2. c4 e6 3. Nc3 a6 4.
cxd5 exd5 5. Bf4 Nf6 6. e3 Bd6 7. Bxd6 Qxd6 8. Qf3 Bg4 9. Qg3 Qxg3 10. hxg3 Bf5 11. Kd2 Nc6 12. Bd3 Ne7 13. Bxf5 Nxf5 14. Nh3 c6 15. a4 Nd6 16. b3 a5 17. Nf4 O-O 18. Nh5 Nfe4+ 19. Nxe4 Nxe4+ 20. Ke2 Rfe8 21. f3 Nd6 22. Nf4 Nf5 23. Kf2 Nxe3 24. g4 Nc2 25. Rad1 Re7 26. Nd3 Nxd4 27. Nc5 Ne6 28. Nd3 Rae8 29.
b4 axb4 30. Nxb4 Nc5 31. a5 Re2+ 32. Kg3 Rb2 33. Nd3 Nxd3 34. Rxd3 Ra8 35. Re1 Kf8 36. Rde3 g6 37. g5 d4 38. Re7 Rxa5 39. f4 Ra3+ 40.
Kh4 Rxg2 41. f5 gxf5 42. Rxb7 Rg4+ 43. Kh5 Rh3# 0-1

[Event "Late-Titled-Tuesday-Blitz-September-12-2023"]
[Site "Chess.com"]
[Date "2023.09.12"]
[Round "2"]
[White "ahkashefi2800"]
[Black "MagnusCarlsen"]
[Result "0-1"]
[WhiteElo "2604"]
[BlackElo "3217"]
[TimeControl "180+1"]
[EndTime "14:16:06 PDT"]
[Termination "MagnusCarlsen won on time"]

1. d4 g6 2. Nf3 Bg7 3. g3 c5 4. Bg2 cxd4 5. Nxd4 Nc6 6. Nxc6 bxc6 7. O-O Rb8 8. c3 c5 9. Qc2 Bb7 10. Bxb7 Rxb7 11. b3 h5 12. Bb2 h4 13. c4 Kf8 14.
Nd2 d6 15. Rad1 Qd7 16. Bxg7+ Kxg7 17. Qe4 Nf6 18. Qg2 hxg3 19. hxg3 a5 20. Ne4 Nxe4 21. Qxe4 a4 22. Rd3 Qh3 23. Rfd1 Qh2+ 24. Kf1 Qh1+ 25.
Qxh1 Rxh1+ 26. Kg2 Rxd1 27. Rxd1 axb3 28. axb3 Rxb3 29.
Rc1 f5 30. e3 Kf6 31. Kf3 Rb2 32. Rc3 g5 33. g4 fxg4+ 34. Kg3 Kf5 35. Rc1 Ke4 36. Rc3 Ra2 37. Kg2 Ra1 38. Rb3 Rc1 39.
Rb7 e6 40. Rd7 Ke5 41. Rg7 Rxc4 42. Rxg5+ Kf6 43. Rg8 d5 44. Kf1 Kf5 45. Ke2 Rc2+ 46. Kd3 Ra2 47. Rc8 c4+ 48. Kd4 e5+ 49. Kxd5 Rd2+ 50. Kc5 c3 51. Kb4 c2 52. Kb3 Rxf2 53.
Kb2 g3 54. Rg8 g2 55. Rf8+ Ke4 56. Rxf2 c1=Q+ 0-1

[Event "Late-Titled-Tuesday-Blitz-September-12-2023"]
[Site "Chess.com"]
[Date "2023.09.12"]
[Round "2"]
[White "Njal28"]
[Black "wadsy27"]
[Result "1-0"]
[WhiteElo "3120"]
[BlackElo "2602"]
[TimeControl "180+1"]
[EndTime "14:16:09 PDT"]
[Termination "Njal28 won by resignation"]

1. d4 Nf6 2. c4 c5 3. d5 e6 4. Nc3 exd5 5. cxd5 d6 6. e4 g6 7. f4 Bg7 8. Bb5+ Nfd7 9. Bd3 O-O 10. Nf3 b6 11.
O-O Ba6 12. Bxa6 Nxa6 13. f5 c4 14. Bg5 Qe8 15. Nd4 Nac5 16. f6 Bh8 17. Nc6 h6 18. Bxh6 Nxf6 19. e5 dxe5 20. Qe2 Bg7 21. Bxg7 Kxg7 22.
Qxc4 a5 23. Rae1 Nfd7 24. Nb5 Rh8 25. Nd6 1-0

[Event "Late-Titled-Tuesday-Blitz-September-12-2023"]
[Site "Chess.com"]
[Date "2023.09.12"]
[Round "2"]
[White "kingofthenil"]
[Black "ARTHURMOTIVATOR"]
[Result "1-0"]
[WhiteElo "2789"]
[BlackElo "2419"]
[TimeControl "180+1"]
[EndTime "14:16:09 PDT"]
[Termination "kingofthenil won by resignation"]

1. e4 e5 2. Nf3 Nc6 3. Bc4 Nf6 4.
d3 Bc5 5. c3 a6 6. Bb3 Ba7 7. h3 h6 8. Nbd2 O-O 9. Nh2 d5 10.
Qf3 Be6 11. Ng4 Bxg4 12. hxg4 dxe4 13. Nxe4 Nxe4 14. Qxe4 Qf6 15. f3 Rad8 16. g5 Qd6 17. gxh6 g6 18. Bg5 Rd7 19. O-O-O Kh7 20. g4 Na5 21.
Bc2 b5 22. Kb1 c5 23. f4 Re8 24.
Rhe1 b4 25. fxe5 Qe6 26. c4 b3 27. axb3 Rb8 28. Rf1 Nxb3 29. Rf6 Qe8 30. e6 fxe6 31. d4 cxd4 32. Qxg6+ Qxg6 33. Bxg6+ Kh8 34. Rdf1 d3 35. Rf8+ 1-0

[Event "Late-Titled-Tuesday-Blitz-September-12-2023"]
[Site "Chess.com"]
[Date "2023.09.12"]
[Round "2"]
[White "ArtemDyachuk"]
[Black "rasmussvane"]
[Result "0-1"]
[WhiteElo "2539"]
[BlackElo "2986"]
[TimeControl "180+1"]
[EndTime "14:16:10 PDT"]
[Termination "rasmussvane won on time"]

1. e4 c6 2. d4 d5 3. e5 Bf5 4.
Nf3 e6 5. Be2 Ne7 6. O-O Ng6 7.
Be3 Nd7 8. Re1 f6 9. exf6 Qxf6 10. Nbd2 Bd6 11. Nf1 O-O 12. Ng3 e5 13. dxe5 Ndxe5 14. c4 Bb4 15. Rf1 Nxc4 16. Bxc4 dxc4 17. Qa4 a5 18.
Bd4 Qf7 19. Nh5 Bg4 20. Nxg7 Bxf3 21. gxf3 Nh4 0-1

[Event "Late-Titled-Tuesday-Blitz-September-12-2023"]
[Site "Chess.com"]
[Date "2023.09.12"]
[Round "2"]
[White "chessprincesa1"]
[Black "Keaton87"]
[Result "0-1"]
[WhiteElo "2261"]
[BlackElo "2629"]
[TimeControl "180+1"]
[EndTime "14:16:11 PDT"]
[Termination "Keaton87 won by resignation"]

1. d4 f6 2. c4 d6 3. Nc3 Kf7 4. e4 Ke6 5. g3 Kd7 6. d5 Ke8 7. Nf3 e5 8. dxe6 Bxe6 9. Nd4 Bd7 10. Bg2 Nc6 11. O-O Nge7 12. Nd5 Nxd4 13. Qxd4 Nxd5 14. exd5 Be7 15. Re1 Kf7 16. Bd2 Re8 17. Bc3 Bf8 18. Qh4 Kg8 19. Be4 f5 20. Qxd8 Raxd8 21. Bd3 g6 22. b4 Bg7 23. Bxg7 Kxg7 24. f4 Kf6 25. Kf2 h6 26. c5 dxc5 27. bxc5 Ba4 28. Bc4 b5 29. cxb6 axb6 30. Rac1 Rxe1 31. Kxe1 Ke7 32. Kf2 Kd6 33. Re1 Re8 34. Rxe8 Bxe8 35. Ke3 Kc5 36. Bb3 Bb5 37. h3 Bc4 0-1

[Event "Late-Titled-Tuesday-Blitz-September-12-2023"]
[Site "Chess.com"]
[Date "2023.09.12"]
[Round "2"]
[White "Mbneu"]
[Black "jk13"]
[Result "0-1"]
[WhiteElo "2298"]
[BlackElo "2678"]
[TimeControl "180+1"]
[EndTime "14:16:12 PDT"]
[Termination "jk13 won by resignation"]

1. d4 Nf6 2. c4 e6 3. Nc3 Bb4 4. Bg5 c5 5. d5 exd5 6. cxd5 d6 7.
e3 Nbd7 8. Bd3 Qa5 9. Ne2 Nxd5 10. O-O Bxc3 11. bxc3 c4 12. Bxc4 N5b6 13. Bxf7+ Kxf7 14. Bf4 d5 15. Nd4 Nf6 16. Be5 Nbd7 17. f4 Re8 18. Qd3 Kg8 19. Nf3 Nxe5 20. Nxe5 Be6 21.
Rab1 b6 22. h3 Rac8 23. Rbc1 Rc5 24. g4 Rec8 25. g5 Rxc3 26. Rxc3 Qxc3 27. Qxc3 Rxc3 28.
gxf6 gxf6 29. Nf3 Rxe3 30. Kf2 Ra3 31. h4 Rxa2+ 32. Kg3 Ra3 33. Rc1 Bf5 34. Kf2 Ra2+ 35. Kg3 Rc2 36. Ra1 Rc3 37. Kf2 a5 38. Nd4 Be4 39. Ne6 Kf7 40. Nd8+ Ke7 41. Nb7 Rc7 0-1

[Event "Late-Titled-Tuesday-Blitz-September-12-2023"]
[Site "Chess.com"]
[Date "2023.09.12"]
[Round "2"]
[White "Langua_Chess"]
[Black "drdaro"]
[Result "0-1"]
[WhiteElo "2477"]
[BlackElo "2267"]
[TimeControl "180+1"]
[EndTime "14:16:13 PDT"]
[Termination "drdaro won on time"]

1. d4 d5 2. c4 dxc4 3. e4 e5 4. Nf3 exd4 5. Bxc4 Nc6 6. O-O Bc5 7. Qb3 Qf6 8. e5 Qg6 9. Ng5 Nh6 10. e6 fxe6 11. Nxe6 Bxe6 12. Bxe6 Nf7 13. Bxf7+ Qxf7 14. Qxb7 Kd7 15.
Qb5 Qd5 16. Bf4 Rab8 17. Qa4 Rxb2 18. Nc3 dxc3 19. Rad1 Bd4 20. Rxd4 Qxd4 21. Rd1 Rd2 0-1

[Event "Late-Titled-Tuesday-Blitz-September-12-2023"]
[Site "Chess.com"]
[Date "2023.09.12"]
[Round "2"]
[White "AungTZ"]
[Black "karinachess1"]
[Result "0-1"]
[WhiteElo "2062"]
[BlackElo "2618"]
[TimeControl "180+1"]
[EndTime "14:16:17 PDT"]
[Termination "karinachess1 won on time"]

1. e4 e5 2. Nf3 Nc6 3. d4 exd4 4.
Nxd4 Bc5 5. Nb3 Bb6 6. a4 a5 7.
Be2 Nf6 8. Nc3 O-O 9. O-O h6 10. Kh1 Re8 11. Bd3 d6 12. f4 Ng4 13. Qe1 Nb4 14. h3 Nf6 15. Be3 d5 16. Bxb6 dxe4 17. Bb5 cxb6 18. Bxe8 Qxe8 19. Rc1 Bd7 0-1